 Dungeon Crawl Stone Soup version 0.30-a0-924-g0ad0bf95bc (webtiles) character file.

Game seed: 6288695233667593312

279 Darius099 the Shooter (level 6, 0/46 HPs)
             Began as a Barachi Hunter on Mar 23, 2023.
             Slain by an orc wizard
             ... wielding a +0 dagger
              (2 damage)
             ... on level 4 of the Dungeon.
             The game lasted 00:09:15 (3031 turns).

Darius099 the Shooter (Barachi Hunter)              Turns: 3031, Time: 00:09:15

Health: 0/46       AC:  3    Str: 13    XL:     6   Next: 26%
Magic:  6/6        EV: 12    Int:  9    God:
Gold:   198        SH:  0    Dex: 17    Spells: 5/5 levels left

rFire   . . .      SeeInvis .    i - +0 long sword
rCold   . . .      Faith    .    (no shield)
rNeg    . . .      Spirit   .    c - +0 leather armour
rPois   .          Reflect  .    (no helmet)
rElec   .          Rampage  .    (no cloak)
rCorr   .                        (no gloves)
Will    .....                    (no boots)
Stlth   +                        (no amulet)
HPRegen 0.27/turn                n - ring of flight
MPRegen 0.10/turn                (no ring)

@: confused, flying, slow
A: amphibious, slowness 1, strong legs 1, +LOS
a: Hop


You were on level 4 of the Dungeon.
You visited 1 branch of the dungeon, and saw 4 of its levels.
You also visited: Sewer.

You collected 198 gold pieces.

Inventory:

Hand Weapons
 a - a +0 shortbow
 i - a +0 long sword (weapon)
Armour
 c - a +0 leather armour (worn)
Jewellery
 n - a ring of flight (left hand)
Scrolls
 b - a scroll of immolation
 d - a scroll of silence {unknown}
 e - 2 scrolls of enchant armour {unknown}
 j - 2 scrolls of vulnerability {unknown}
 k - a scroll of noise {unknown}
 l - 3 scrolls of enchant weapon {unknown}
 o - 2 scrolls of identify {unknown}
 p - a scroll of brand weapon {unknown}
 q - 2 scrolls of blinking {unknown}
Potions
 f - 2 potions of curing {unknown}
 g - a potion of brilliance {unknown}
 h - 2 potions of resistance {unknown}
 m - a potion of haste {unknown}
 r - 2 potions of mutation {unknown}
 s - a potion of might {unknown}
 t - a potion of experience {unknown}
 u - a potion of magic {unknown}
 v - a potion of heal wounds {unknown}


   Skills:
 - Level 2.6 Fighting
 + Level 7.2 Ranged Weapons
 - Level 2.3 Dodging
 - Level 1.1 Stealth


You had 5 spell levels left.
You didn't know any spells.
Your spell library contained the following spells:

 Spells                   Type           Power      Damage    Failure   Level
 Blade Hands              Tmut           0%         N/A       100%        5
 Irradiate                Conj/Tmut      0%         3d11      100%        5
 Dragon Form              Tmut           0%         N/A       100%        7


Dungeon Overview and Level Annotations

Branches:
Dungeon (4/15)              Sewer (visited)
 Temple: D:4-7

Altars:
Ashenzari
Dithmenos

Shops:
D:1 (


Innate Abilities, Weirdness & Mutations

You are amphibious.
You cover ground slowly.
You can hop short distances.
You have an extended range of vision and can be seen from far away.


Message History

You shoot an arrow.
You hear some strange, mumbled words.
You are confused.
Non-targeted confused fire: a) +0 shortbow
Press: ? - help, Dir - look around, f - activate You shoot an arrow.
Something hits you.
Non-targeted confused fire: a) +0 shortbow
Press: ? - help, Dir - look around, f - activate You shoot an arrow.
Something hits you.
* * * LOW HITPOINT WARNING * * *
Non-targeted confused fire: a) +0 shortbow
Press: ? - help, Dir - look around, f - activate You shoot an arrow.
Something barely misses you.
You hear some strange, mumbled words.
A magic dart appears from out of thin air!
The magic dart hits you!
* * * LOW HITPOINT WARNING * * *
i - a +0 long sword (weapon)
Things that are here:
a +0 short sword; a quokka corpse You bump into the rock wall.
You hear some strange, mumbled words.
You are more confused.
You bump into the rock wall.
Something hits you but does no damage.
You hear some strange, mumbled words.
You are more confused.
Things that are here:
a +0 short sword; a quokka corpse You barely miss something.
Something hits you.
* * * LOW HITPOINT WARNING * * *
You miss something. Something hits you.
* * * LOW HITPOINT WARNING * * *
You closely miss something. Something hits you.
* * * LOW HITPOINT WARNING * * *
Something hits you.
You die...

#. . .# #.. .## ..#.#
#...#.. .#..### ##
#.#...###.....# ..#
#...#...#..#.# ...#
..#.....#.#.#
....#####..........#
..#..#..#{.†..#...######
..#...#..@#...#....#....#
#...#.#...###.....#.<#.#
#..#...#..#..#..#.####.#
#.....###...#.#......#
#.....#..#..).#.######
#.....#...#...#.#
#.#...#.#......#.#
#...#.#...#.....#.#
.................#.#


There were no monsters in sight!

Vanquished Creatures
  2 jellies (Sewer)
  An iguana (D:4)
  4 adders
  3 river rats (Sewer)
  3 worms
  A dart slug (D:3)
  4 orcs
  4 bats
  14 endoplasms
  7 giant cockroaches
  10 hobgoblins
  9 jackals
  7 quokkas
  13 ball pythons
  7 frilled lizards
  6 goblins
  8 kobolds
  7 rats
110 creatures vanquished.

Vanquished Creatures (others)
  30 plants
30 creatures vanquished.

Grand Total: 140 creatures vanquished

Notes
Turn   | Place    | Note
-------+----------+-------------------------------------------
     0 | D:1      | Darius099 the Barachi Hunter began the quest for the Orb.
     0 | D:1      | Reached XP level 1. HP: 17/17 MP: 1/1
    12 | D:1      | Reached skill level 1 in Stealth
   153 | D:1      | Reached XP level 2. HP: 23/23 MP: 2/2
   529 | D:1      | Reached XP level 3. HP: 28/28 MP: 3/3
   831 | D:2      | Reached skill level 5 in Ranged Weapons
   979 | D:2      | Reached XP level 4. HP: 34/34 MP: 4/4
  1002 | D:2      | Found a shadowy altar of Dithmenos.
  1832 | D:3      | Found a broken altar of Ashenzari.
  1985 | D:3      | Found a glowing drain.
  2000 | D:3      | Reached skill level 6 in Ranged Weapons
  2000 | D:3      | Reached XP level 5. HP: 39/39 MP: 5/5
  2011 | Sewer    | Entered a sewer
  2332 | Sewer    | Reached XP level 6. HP: 46/46 MP: 6/6
  2333 | Sewer    | Found a viscous altar of Jiyva.
  2546 | D:3      | Reached skill level 7 in Ranged Weapons
  3031 | D:4      | HP: 2/46 [something (2)]
  3031 | D:4      | Slain by an orc wizard

Illustrated notes

Levels and vault maps discovered:
D:1:      minmay_arrival_five_plusses, layout_loops_ring, serial_shops, shop
D:2:      layout_loops_corners, serial_bayou, serial_bayou_lagoon_a,
          serial_bayou_pond_d, serial_bayou_pond_c, serial_bayou_pond_d,
          serial_bayou_ford_a, serial_bayou_pond_d, basic_altar,
          minmay_tetromino_s4
D:3:      layout_loops_ring, overflow_temple_1_default,
          cheibrodos_sewer_entry_sluice, saegor_snake_ambush
D:4:      layout_basic, ebering_ghost_disaster_area, minmay_splitting_lines

Skill      XL: |  1  2  3  4  5  6 |
---------------+-------------------+-----
Stealth        | 1 |  1.1
Ranged Weapons | 5 6 7 |  7.2
Fighting       | |  2.6
Dodging        | |  2.3

Action                     |  1- 3 |  4- 6 || total
---------------------------+-------+-------++-------
  Melee: Long sword        |       |     3 ||     3
   Fire: Shortbow          |   107 |   254 ||   361
Ability: Hop               |       |     1 ||     1
 Armour: Leather armour    |    12 |    43 ||    55
  Dodge: Dodged            |    34 |   125 ||   159

Table legend: (Time is in decaauts)
 A = Elapsed time spent in this place.
 B = Non-inter-level travel time spent in this place.
 C = Inter-level travel time spent in this place.
 D = Time resting spent in this place.
 E = Time spent auto-exploring this place.
 F = Levels seen in this place.
 G = Mean time per level.
                   A        B        C        D        E       F      G
               +--------+--------+--------+--------+--------+-----+--------+
         Total |   3557 |   3347 |    210 |    253 |   2265 |   5 |  711.4 |
       Dungeon |   3112 |   2902 |    210 |     90 |   2147 |   4 |  778.0 |
         Sewer |    445 |    445 |      0 |    163 |    117 |   1 |  445.0 |
               +--------+--------+--------+--------+--------+-----+--------+

Top non-repeatable levels by time:
     D:2: 1093 daAuts
     D:3: 1001 daAuts
     D:1: 923 daAuts
   Sewer: 445 daAuts
     D:4: 94 daAuts
